 Dungeon Crawl Stone Soup version 0.22.0-38-g04b72b8c25 (webtiles) character file.

1742 Riddle the Thaumaturge (level 8, -3/52 HPs)
             Began as a Mummy Necromancer on Aug 31, 2018.
             Was an Initiate of Gozag.
             Slain by an orc warrior
             ... wielding a +0 trident
              (12 damage)
             ... on level 6 of the Dungeon.
             The game lasted 00:30:54 (7125 turns).

Riddle the Thaumaturge (Mummy Necromancer)          Turns: 7125, Time: 00:30:54

Health: -3/52      AC:  6    Str: 11    XL:     8   Next: 77%
Magic:  21/21      EV: 12    Int: 20    God:    Gozag
Gold:   357        SH:  0    Dex: 12    Spells: 16/26 levels left

rFire    x . .     SeeInvis .   s - +0 quarterstaff (drain)
rCold    + + .     Gourm    .   (shield currently unavailable)
rNeg     + + +     Faith    .   n - +2 robe {rC+}
rPois    ∞         Spirit   .   h - +0 helmet
rElec    .         Reflect  .   (no cloak)
rCorr    .         Harm     +   i - +0 pair of gloves
MR       ++...                  (no boots)
Stlth    ++........             e - amulet of harm
HPRegen  0.17/turn              j - ring of protection from magic
MPRegen  0.17/turn              b - +3 ring of intelligence

@: no status effects
A: no food or potions, fire vulnerability, cold resistance 1, negative energy
resistance 3, torment resistance, unbreathing
a: Potion Petition, Call Merchant, Bribe Branch, Renounce Religion


You were on level 6 of the Dungeon.
You worshipped Gozag.
Gozag was aware of your devotion.
You were not hungry.

You visited 2 branches of the dungeon, and saw 7 of its levels.

You collected 426 gold pieces.
You paid 69 gold pieces to Gozag.

Inventory:

Hand Weapons
 s - a +0 quarterstaff of draining (weapon)
Armour
 h - a +0 helmet (worn)
 i - a +0 pair of gloves (worn)
 n - a +2 robe of cold resistance (worn)
Jewellery
 b - a +3 ring of intelligence (right hand)
 d - an uncursed ring of flight
 e - an amulet of harm (around neck)
 j - a ring of protection from magic (left hand)
Wands
 a - a wand of flame (16)
 f - a wand of paralysis (9)
Scrolls
 c - 5 scrolls of identify
 g - 3 scrolls of fog
 k - 2 scrolls of enchant armour {unknown}
 l - a scroll of teleportation {unknown}
 m - a scroll of enchant weapon {unknown}
 o - 4 scrolls of remove curse
 p - a scroll of random uselessness {unknown}
 q - a scroll of noise {unknown}
 r - 2 scrolls of magic mapping {unknown}
 t - 2 scrolls of amnesia {unknown}


   Skills:
 - Level 1.5 Dodging
 - Level 1.5 Stealth
 + Level 9.9 Spellcasting
 + Level 9.0 Necromancy


You had 16 spell levels left.
You knew the following spells:

 Your Spells              Type           Power        Failure   Level  Hunger
a - Pain                  Necr           ####         1%          1    N/A
b - Vampiric Draining     Necr           #####.....   1%          3    N/A
c - Animate Dead          Necr           N/A          1%          4    N/A
d - Magic Dart            Conj           #...         7%          1    N/A
e - Summon Small Mammal   Summ           #...         7%          1    N/A

Your spell library contained the following spells:

 Spells                   Type           Power        Failure   Level  Hunger
 Animate Skeleton         Necr           N/A          1%          1    N/A
 Apportation              Tloc           #.....       7%          1    N/A
 Confusing Touch          Hex            #.....       7%          1    N/A
 Searing Ray              Conj           #.....       11%         2    N/A
 Dazzling Spray           Conj/Hex       #.....       22%         3    N/A
 Force Lance              Conj/Tloc      #.......     56%         4    N/A
 Fulminant Prism          Conj/Hex       #.........   56%         4    N/A
 Iskenderun's Mystic Bla  Conj           #.......     56%         4    N/A
 Regeneration             Chrm/Necr      Unusable     N/A         3    N/A

Dungeon Overview and Level Annotations

Branches:
Dungeon (6/15)             Temple (1/1) D:4

Altars:
Ashenzari
Cheibriados
Elyvilon
Gozag
Makhleb
Okawaru
Ru
Sif Muna
Trog
Vehumet
Wu Jian
Xom
Yredelemnul
Zin
The Shining One


Innate Abilities, Weirdness & Mutations

You do not eat or drink.
Your flesh is vulnerable to fire.
You are immune to poison.
Your flesh is cold resistant. (rC+)
You are immune to negative energy. (rN+++)
You are immune to unholy pain and torment.
You can survive without breathing.


Message History

The orc warrior hits you from afar with a trident!
* * * LOW HITPOINT WARNING * * *
You see here 21 arrows.
An orc wizard appears from thin air!
Reactivating autopickup.
You see here a ring mail.
The orc wizard miscasts a cantrip.
The orc wizard points at you and mumbles some strange words.
The magic dart hits you! The orc wizard casts a spell at you.
The magic dart hits you!
* * * LOW HITPOINT WARNING * * *
The orc wizard points at you and mumbles some strange words.
The magic dart hits you!
The orc wizard points at you and mumbles some strange words.
The puff of flame misses you.
There is a stone staircase leading up here.
The orc warrior hits you from afar with a trident!
You die...
Your body crumbles into a pile of gold.

############
#..........#
#######.#####..#.#
######...........#..#.#
.......[.....oo.@..>#.#
######.#####.#####.##.#
#.# #.#.....##[# #.#
#.#.######.#
#.#####...######.#
#.......##.......#
############.##.#######
.............##.#
%.....#########<#


You could see an orc warrior and an orc wizard.

Vanquished Creatures
  Pikel (D:3)
  A hippogriff (D:4)
  A sky beast (D:5)
  An ice beast (D:5)
  A phantom (D:5)
  2 slaves (D:3)
  3 ogres
  A centaur (D:6)
  A scorpion (D:5)
  A crimson imp (D:6)
  2 hounds
  2 orc priests (D:3)
  A jelly (D:6)
  An orc wizard (D:3)
  Ijyb (D:5)
  Natasha (thrice) (D:2)
  3 worker ants
  4 adders
  An adder zombie (D:5)
  3 worms
  A dart slug (D:1)
  2 leopard geckos
  6 orcs
  3 giant cockroaches
  8 goblins
  11 hobgoblins
  6 jackals
  A quokka (D:6)
  5 ball pythons
  5 bats
  A frilled lizard (D:4)
  5 kobolds
  A quokka skeleton (D:4)
  8 rats
97 creatures vanquished.

Vanquished Creatures (collateral kills)
  A bullfrog (D:3)
  An adder skeleton (D:4)
  A jackal (D:3)
3 creatures vanquished.

Vanquished Creatures (others)
  A slave (D:4)
  A frilled lizard (D:4)
2 creatures vanquished.

Grand Total: 102 creatures vanquished

Notes
Turn   | Place    | Note
-------+----------+-------------------------------------------
     0 | D:1      | Riddle the Mummy Necromancer began the quest for the Orb.
     0 | D:1      | Reached XP level 1. HP: 13/13 MP: 4/4
   121 | D:1      | Reached XP level 2. HP: 19/19 MP: 1/6
   698 | D:1      | Reached XP level 3. HP: 24/24 MP: 5/8
   729 | D:1      | Learned a level 3 spell: Vampiric Draining
   994 | D:2      | Noticed Natasha
   997 | D:2      | Killed Natasha
  1039 | D:2      | Reached XP level 4. HP: 30/30 MP: 2/10
  1092 | D:2      | Noticed Natasha
  1107 | D:2      | Killed Natasha
  1107 | D:2      | Reached skill level 5 in Necromancy
  1269 | D:2      | Noticed Natasha
  1276 | D:2      | Killed Natasha
  1820 | D:3      | Found a burning altar of Makhleb.
  1820 | D:3      | Found a bloodstained altar of Trog.
  1836 | D:3      | Reached skill level 5 in Spellcasting
  1836 | D:3      | Reached XP level 5. HP: 11/35 MP: 4/12
  2167 | D:3      | Learned a level 4 spell: Animate Dead
  2650 | D:3      | Reached XP level 6. HP: 25/41 MP: 9/14
  2844 | D:4      | Noticed Pikel
  2844 | D:4      | Noticed a slave
  2844 | D:4      | Noticed a slave
  2844 | D:4      | Noticed a slave
  2844 | D:4      | Noticed a slave
  2853 | D:3      | Killed a slave
  2928 | D:3      | Killed a slave
  3066 | D:3      | Killed Pikel
  3066 | D:3      | Reached XP level 7. HP: 11/46 MP: 2/17
  3438 | D:4      | Found a staircase to the Ecumenical Temple.
  3447 | Temple   | Entered the Ecumenical Temple
  3872 | D:5      | Entered Level 5 of the Dungeon
  4220 | D:4      | Reached XP level 8. HP: 51/52 MP: 8/20
  4564 | D:4      | Noticed a hippogriff
  4571 | D:4      | Killed a hippogriff
  4602 | D:4      | Found an opulent altar of Gozag.
  4612 | D:4      | Became a worshipper of Gozag Ym Sagoz the Greedy
  5206 | D:5      | Found a shimmering altar of Xom.
  5836 | D:5      | Noticed Ijyb
  5841 | D:5      | Killed Ijyb
  5949 | D:5      | Found a glowing silver altar of Zin.
  6042 | D:4      | Learned a level 1 spell: Magic Dart
  6936 | D:6      | Found a shimmering altar of Xom.
  6961 | D:6      | Learned a level 1 spell: Summon Small Mammal
  7125 | D:6      | Slain by an orc warrior

Skill      XL: |  1  2  3  4  5  6  7  8 |
---------------+-------------------------+-----
Spellcasting   | 3 4 5 7 8 9 |  9.9
Necromancy     | 5 7 9 |  9.0
Dodging        | |  1.5
Stealth        | |  1.5

Action                   |  1- 3 |  4- 6 |  7- 9 || total
-------------------------+-------+-------+-------++-------
Melee: Unarmed           |     8 |       |       ||     8
       Dagger            |       |    15 |    47 ||    62
       Quarterstaff      |       |       |    51 ||    51
 Cast: Pain              |    55 |    60 |    82 ||   197
       Vampiric Draining |     1 |    10 |    13 ||    24
       Animate Dead      |       |     3 |     3 ||     6
       Magic Dart        |       |       |    15 ||    15
       Summon Small Mamm |       |       |     5 ||     5
 Abil: Evoke Flight      |     1 |       |       ||     1
  Use: Scroll            |       |       |     3 ||     3
Armor: Robe              |     9 |    18 |    38 ||    65
Dodge: Dodged            |    15 |    45 |    68 ||   128
